 Dungeon Crawl Stone Soup version 0.31-a0-204-g7da18cac08 (webtiles) character file.

Game seed: 17353343137956989443

154 qw the Skirmisher (level 5, -1/29 HPs)
             Began as a Deep Elf Hunter on June 27, 2023.
             Killed from afar by Grinder (6 damage)
             ... with a puff of flame
             ... on level 3 of the Dungeon.
             The game lasted 00:00:30 (1857 turns).

qw the Skirmisher (Deep Elf Hunter)                 Turns: 1857, Time: 00:00:31

Health: -1/29      AC:  8    Str: 10    XL:     5   Next: 13%
Magic:  7/7        EV: 11    Int: 14    God:
Gold:   76         SH:  5    Dex: 18    Spells: 4/4 levels left

rFire   . . .        Y - +0 shortbow
rCold   . . .        (shield currently unavailable)
rNeg    . . .        d - +0 ring mail
rPois   .            b - +2 hat
rElec   .            (no cloak)
rCorr   .            i - +0 pair of gloves
SInv    .            (no boots)
Will    .....        g - amulet of reflection
Stlth   +            (no ring)
HPRegen 0.24/turn    (no ring)
MPRegen 0.10/turn

%: reflection
@: no status effects
A: no striking features
a: no special abilities


You were on level 3 of the Dungeon.
You visited 1 branch of the dungeon, and saw 3 of its levels.

You collected 76 gold pieces.


   Skills:
 - Level 1.5 Fighting
 + Level 8.5 Ranged Weapons
 - Level 2.4 Dodging
 - Level 1.2 Stealth


You had 4 spell levels left.
You didn't know any spells.
Your spell library was empty.

Inventory:

Hand Weapons
 Y - a +0 shortbow (weapon)
Armour
 b - a +2 hat (worn)
 d - a +0 ring mail (worn)
 i - a +0 pair of gloves (worn)
Jewellery
 g - an amulet of reflection (around neck)
Scrolls
 a - a scroll of identify
Potions
 f - a potion of resistance
 h - a potion of curing {unknown}
 j - a potion of cancellation

Dungeon Overview and Level Annotations

Branches:
Dungeon (3/15)

Altars:

Annotations:
D:2 1 runed translucent door, Crazy Yiuf
D:3 Grinder


Message History

Grinder misses you.
The hobgoblin hits you but does no damage.
You block the hobgoblin's attack. Grinder closely misses you.
You shoot an arrow. The arrow closely misses the hobgoblin.
The arrow barely misses the kobold.
You block the hobgoblin's attack. Grinder gestures at you.
Pain shoots through your body!
You shoot an arrow. The arrow barely misses the hobgoblin.
The arrow hits the kobold.
You kill the kobold!
The hobgoblin barely misses you. Grinder hits you.
You writhe in agony.
You shoot an arrow. The arrow hits the hobgoblin.
You kill the hobgoblin!
Grinder gestures at you.
You struggle to resist.
You shoot an arrow. The arrow hits Grinder.
Grinder is lightly wounded.
Grinder hits you but does no damage.
You shoot an arrow. The arrow closely misses Grinder.
Grinder zaps a wand.
The puff of flame hits you.
You shoot an arrow. The arrow closely misses Grinder.
Grinder completely misses you. Grinder barely misses you.
You shoot an arrow.
The arrow hits Grinder but does no damage.
Grinder is lightly wounded.
Grinder gestures at you. You resist with significant effort.
You shoot an arrow. The arrow barely misses Grinder.
Grinder gestures at you.
You suddenly lose the ability to move!
Grinder hits you!
You writhe in agony.
You can move again.
You shoot an arrow. The arrow hits Grinder.
Grinder is lightly wounded.
Grinder misses you.
You shoot an arrow. The arrow hits Grinder.
Grinder is moderately wounded.
Grinder zaps a wand.
The puff of flame hits you.
You die...

#### .# #...#
...######...#
......##...#
.....#...# .
##......#
....###5......#
#.)%@##....#
.....#####....#
####
#....########
#...........#
#.###.......#
#.# #.......#
#.# #.......#
#.###.......#
#.##[<).....#


You could see Grinder.

Vanquished Creatures
  2 orc priests (D:3)
  Natasha (D:3)
  4 adders
  5 orcs
  A bat (D:2)
  2 endoplasms
  2 giant cockroaches (D:2)
  2 goblins
  3 hobgoblins
  2 quokkas
  3 ball pythons
  A frilled lizard (D:2)
  2 kobolds
  4 rats (D:2)
34 creatures vanquished.

Notes
Turn   | Place    | Note
-------+----------+-------------------------------------------
     0 | D:1      | qw the Deep Elf Hunter began the quest for the Orb.
     0 | D:1      | Reached XP level 1. HP: 12/12 MP: 3/3
     0 | D:1      | 0 ||| qw: Version: 0.3-a-22-g0ed2b0b
     0 | D:1      | 0 ||| qw: Game counter: 6487
     0 | D:1      | 0 ||| qw: Melee chars always use a shield: true
     0 | D:1      | 0 ||| qw: God list: Okawaru
     0 | D:1      | 0 ||| qw: Allow faded altars: false
     0 | D:1      | 0 ||| qw: Do Orc after clearing Dungeon:15 true
     0 | D:1      | 0 ||| qw: Do second Lair branch before Depths: true
     0 | D:1      | 0 ||| qw: Lair rune preference: random
     0 | D:1      | 0 ||| qw: Goals: Normal
     0 | D:1      | 0 ||| PLANNING D:1-11
   669 | D:1      | 669 ||| UPGRADING to +0 ring mail.
   679 | D:1      | 679 ||| DROPPING +0 leather armour.
   680 | D:1      | 680 ||| UPGRADING to +0 helmet.
   685 | D:1      | 685 ||| UPGRADING to +0 pair of gloves.
   690 | D:1      | 690 ||| UPGRADING to amulet of reflection.
   695 | D:1      | 695 ||| READING 3 scrolls labelled FIOLLY VEYLEN.
   696 | D:1      | 696 ||| READING scroll labelled WANIAR OBECAB.
   697 | D:1      | 697 ||| READING 2 scrolls of identify.
   697 | D:1      | 697 ||| IDENTIFYING green potion
   698 | D:1      | 698 ||| DROPPING scroll of butterflies.
   758 | D:2      | Reached XP level 2. HP: 16/16 MP: 4/4
   759 | D:2      | Reached skill level 6 in Ranged Weapons
   972 | D:2      | HP: 4/16 [poisoned by an adder]
   976 | D:2      | HP: 1/16 [poisoned by an adder]
  1177 | D:2      | Found a runed translucent door.
  1178 | D:2      | Noticed Crazy Yiuf
  1274 | D:2      | Reached XP level 3. HP: 20/20 MP: 5/5
  1278 | D:2      | Reached skill level 7 in Ranged Weapons
  1426 | D:2      | 1426 ||| UPGRADING to +2 hat.
  1436 | D:2      | 1436 ||| DROPPING +0 helmet.
  1437 | D:2      | 1437 ||| READING scroll labelled QOTTIULI AQUZ.
  1438 | D:2      | 1438 ||| DRINKING 2 fuming white potions.
  1501 | D:3      | 1501 ||| FLEEEEING.
  1502 | D:3      | 1502 ||| FLEEEEING.
  1507 | D:3      | HP: 3/20 [orc priest/+0 trident (5)]
  1508 | D:3      | Reached XP level 4. HP: 3/25 MP: 6/6
  1511 | D:3      | Reached skill level 8 in Ranged Weapons
  1514 | D:3      | HP: 2/25 [orc/+0 whip (2)]
  1517 | D:3      | 1517 ||| FLEEEEING.
  1518 | D:3      | 1518 ||| STAIRDANCE
  1706 | D:3      | 1706 ||| STAIRDANCE
  1834 | D:3      | Noticed Natasha
  1838 | D:3      | Noticed Grinder
  1840 | D:3      | Killed Natasha
  1841 | D:3      | Reached XP level 5. HP: 28/29 MP: 7/7
  1854 | D:3      | Paralysed by Grinder for 2 turns
  1855 | D:3      | HP: 5/29 [Grinder (8)]
  1857 | D:3      | Killed from afar by Grinder

Levels and vault maps discovered:
D:1:      heliophobic_arrival_enchanted_forest, layout_basic, minivault_5
D:2:      layout_basic, uniq_crazy_yiuf_cottage
D:3:      layout_rooms, mainiacjoe_overflow_cross_hatched, zin_academy,
          uniq_grinder, uniq_natasha

Skill      XL: |  1  2  3  4 |
---------------+-------------+-----
Ranged Weapons | 6 7 8 |  8.5
Fighting       | |  1.5
Dodging        | |  2.4
Stealth        | |  1.2

Action                     |  1- 3 |  4- 6 || total
---------------------------+-------+-------++-------
   Fire: Shortbow          |    71 |    38 ||   109
    Use: Scroll            |     4 |       ||     4
         Potion            |     1 |       ||     1
 Armour: Leather armour    |     1 |       ||     1
         Ring mail         |    12 |     9 ||    21
  Dodge: Dodged            |    15 |    15 ||    30
  Block: Other             |     7 |     4 ||    11

Table legend:
 A = Non-vault XP
 B = Vault XP
 C = Vault XP percentage of total XP
 D = Non-vault monster count
 E = Vault monster count
 F = Vault count percentage of total count
                 A         B        C        D         E       F
            +---------+---------+-------+---------+---------+-------
      Total |     185 |      35 |  15.9 |      33 |       1 |   2.9
            +---------+---------+-------+---------+---------+-------
        D:1 |       5 |       0 |   0.0 |       3 |       0 |   0.0
        D:2 |      64 |       0 |   0.0 |      18 |       0 |   0.0
        D:3 |     116 |      35 |  23.2 |      12 |       1 |   7.7
            +---------+---------+-------+---------+---------+-------
